 Dungeon Crawl Stone Soup version 0.28-a0-1404-g4df0f3684d (webtiles) character file.

Game seed: 1972931448287711226

623 southernslant the Skirmisher (level 7, -3/44 HPs)
             Began as a Gargoyle Gladiator on Jan 6, 2022.
             Slain by a killer bee (6 damage)
             ... on level 4 of the Dungeon.
             The game lasted 00:20:32 (5057 turns).

southernslant the Skirmisher (Gargoyle Gladiator)   Turns: 5057, Time: 00:20:33

Health: -3/44      AC: 10    Str: 15 (18) XL:     7   Next: 46%
Magic:  7/7        EV: 13    Int: 13 (14) God:
Gold:   240        SH:  0    Dex: 17 (19) Spells: 7/7 levels left

rFire   + . .      SeeInvis .   a - +0 quarterstaff
rCold   + . .      Faith    .   (shield currently unavailable)
rNeg    + . .      Spirit   .   b - +0 leather armour
rPois   ∞          Reflect  .   c - +0 helmet
rElec   +          Harm     .   (no cloak)
rCorr   +          Rampage  .   m - +0 pair of gloves
Will    .....                   (no boots)
Stlth   ++........              (no amulet)
HPRegen 0.14/turn               u - +6 ring of dexterity
MPRegen 0.10/turn               z - +6 ring of intelligence

@: resistant, flying, hasted, very quick
A: sickness immunity, AC +4, negative energy resistance 1, electricity
resistance, torment resistance 1, petrification resistance
a: no special abilities


You were on level 4 of the Dungeon.
You visited 1 branch of the dungeon, and saw 4 of its levels.

You collected 240 gold pieces.

Inventory:

Hand Weapons
 a - a +0 quarterstaff (weapon)
 t - a +0 trident
Missiles
 d - 3 throwing nets
 f - 118 stones
 q - a boomerang
 x - 7 poisoned darts (quivered)
Armour
 b - a +0 leather armour (worn)
 c - a +0 helmet (worn)
 j - an orb of wrath
 m - a +0 pair of gloves (worn)
Magical Staves
 o - a staff of cold
 y - a staff of death
Jewellery
 u - a +6 ring of dexterity (left hand)
 z - a +6 ring of intelligence (right hand)
Scrolls
 e - 3 scrolls of teleportation {unknown}
 g - a scroll of immolation {unknown}
 i - 2 scrolls of blinking {unknown}
 l - a scroll of fog {unknown}
 n - 2 scrolls of magic mapping {unknown}
 p - 2 scrolls of enchant weapon {unknown}
 r - a scroll of noise {unknown}
 s - 2 scrolls of fear {unknown}
 A - a scroll of summoning {unknown}


   Skills:
 + Level 4.5 Fighting
 + Level 4.2 Staves
 + Level 2.9 Throwing
 + Level 3.5 Armour
 + Level 3.2 Dodging
 + Level 1.7 Stealth
 * Level 0.6 Spellcasting
 - Level 1.0 Ice Magic
 * Level 1.7 Evocations


You had 7 spell levels left.
You didn't know any spells.
Your spell library contained the following spells:

 Spells                   Type           Power      Damage    Failure   Level
 Pain                     Necr           0%         1d4       36%         1
 Animate Dead             Necr           0%         N/A       98%         4
 Agony                    Necr           0%         N/A       100%        5
 Excruciating Wounds      Necr           0%         N/A       100%        5
 Haunt                    Necr/Summ      0%         N/A       100%        7
 Infestation              Necr           0%         N/A       100%        8


Dungeon Overview and Level Annotations

Branches:
Dungeon (4/15)
 Temple: D:4-7

Altars:
Dithmenos
Fedhas
Hepliaklqana
Kikubaaqudgha
Ru
Uskayaw
Vehumet
Zin
The Shining One


Innate Abilities, Weirdness & Mutations

You are immune to sickness and miasma.
Your stone body is resilient. (AC +4)
You are immune to poison.
You resist negative energy. (rN+)
You are resistant to electric shocks. (rElec)
You are resistant to unholy torment.
You are immune to petrification.


Message History

The killer bee is lightly wounded.
The killer bee stings you but does no damage.
The killer bee stings you!
* * * LOW HITPOINT WARNING * * *
You miss the killer bee.
The killer bee is lightly wounded.
The killer bee stings you but does no damage.
The killer bee misses you.
You closely miss the killer bee.
The killer bee is lightly wounded.
The killer bee closely misses you. x2
It was a potion of flight.
You feel very buoyant.
You fly up into the air.
The killer bee closely misses you. x2
It was a potion of resistance.
You feel protected. The killer bee stings you.
* * * LOW HITPOINT WARNING * * *
The killer bee stings you but does no damage.
You miss the killer bee.
The killer bee is lightly wounded.
The killer bee stings you.
* * * LOW HITPOINT WARNING * * *
The killer bee stings you but does no damage.
You sock the killer bee!
The killer bee is severely wounded.
The killer bee stings you.
* * * LOW HITPOINT WARNING * * *
The killer bee stings you.
* * * LOW HITPOINT WARNING * * *
The killer bee stings you but does no damage.
It was a potion of haste.
You feel yourself speed up.
The killer bee stings you but does no damage.
The killer bee closely misses you.
It was a potion of degeneration.
There was something very wrong with that liquid.
You feel weakened.
You feel dopey.
You feel clumsy. The killer bee barely misses you. The killer bee stings you.
You die...

#..(.........#######
#.############ #.#
#.# #.# #.# #.#
#.###########
#..@yy†.....#
#..########.# #..# #
########## .
#.......## .
#...._...## .
#......⌠..#
########....#
##.....###.8.#


You could see 2 killer bees.

Vanquished Creatures
  Sigmund (D:3)
  An ogre (D:4)
  2 killer bees (D:4)
  A bullfrog skeleton (D:4)
  A hound (D:4)
  An iguana (D:4)
  3 orc wizards
  A hound skeleton (D:4)
  An adder (D:4)
  An adder skeleton (D:4)
  3 dart slugs (D:1)
  A worm (D:2)
  17 orcs
  6 endoplasms
  3 giant cockroaches
  5 goblins
  4 hobgoblins
  10 jackals
  5 ball pythons
  8 bats
  3 frilled lizards (D:2)
  10 kobolds
  A quokka skeleton (D:4)
  3 rats
92 creatures vanquished.

Notes
Turn   | Place    | Note
-------+----------+-------------------------------------------
     0 | D:1      | southernslant the Gargoyle Gladiator began the quest for
                  | the Orb.
     0 | D:1      | Reached XP level 1. HP: 12/12 MP: 1/1
   256 | D:1      | Noticed a golden eye
   260 | D:1      | Noticed an eye of devastation
   262 | D:1      | Found a faded altar of an unknown god.
   264 | D:1      | Noticed a great orb of eyes
   264 | D:1      | Noticed a shining eye
   316 | D:1      | Reached XP level 2. HP: 18/18 MP: 2/2
   458 | D:1      | Reached skill level 1 in Armour
  1049 | D:1      | Reached XP level 3. HP: 19/22 MP: 3/3
  2452 | D:3      | Reached XP level 4. HP: 27/28 MP: 4/4
  2499 | D:3      | Noticed Sigmund
  2518 | D:3      | Killed Sigmund
  2519 | D:3      | Reached XP level 5. HP: 26/33 MP: 5/5
  2691 | D:3      | Reached XP level 6. HP: 38/38 MP: 6/6
  3187 | D:3      | Found a sacrificial altar of Ru.
  3187 | D:3      | Found an ancient bone altar of Kikubaaqudgha.
  3820 | D:4      | Reached skill level 1 in Stealth
  4088 | D:4      | Reached skill level 1 in Evocations
  4273 | D:4      | Found a glowing silver altar of Zin.
  4279 | D:4      | Found a hide-covered altar of Uskayaw.
  4290 | D:4      | Reached XP level 7. HP: 38/44 MP: 7/7
  4290 | D:4      | Found a hazy altar of Hepliaklqana.
  4291 | D:4      | Found a blossoming altar of Fedhas.
  4292 | D:4      | Found a shadowy altar of Dithmenos.
  4292 | D:4      | Found a radiant altar of Vehumet.
  4300 | D:4      | HP: 2/44 [ogre (21)]
  4777 | D:4      | Found a glowing golden altar of the Shining One.
  4829 | D:4      | Reached skill level 1 in Ice Magic
  5053 | D:4      | HP: 2/44 [killer bee (2)]
  5057 | D:4      | Slain by a killer bee

Illustrated notes

Levels and vault maps discovered:
D:1:      psy_arrival_radial02, layout_basic,
          hellmonk_ecumenical_altar_watching_god, corexii_corridor_pit,
          minmay_misc_feat_rows
D:2:      layout_loops_ring
D:3:      layout_loops_corners, amethyst_overflow_temple_binary, uniq_sigmund
D:4:      layout_loops_ring, nicolae_overflow_hallway_of_the_gods,
          minmay_temple_entry_trees, minmay_fountain_box,
          kennysheep_generic_room_12

Skill      XL: |  1  2  3  4  5  6  7 |
---------------+----------------------+-----
Armour         | 1 3 |  3.5
Throwing       | 2 |  2.9
Fighting       | 3 4 |  4.5
Dodging        | 3 |  3.2
Stealth        | 1 |  1.7
Staves         | 4 |  4.2
Evocations     | 1 |  1.7
Ice Magic      | 1 |  1.0
Spellcasting   | |  0.6

Action                   |  1- 3 |  4- 6 |  7- 9 || total
-------------------------+-------+-------+-------++-------
Melee: Quarterstaff      |   135 |   130 |    23 ||   288
       Staff             |       |    22 |    18 ||    40
Throw: Stone             |     4 |    61 |       ||    65
       Boomerang         |       |       |     2 ||     2
       Dart              |       |       |     1 ||     1
  Use: Potion            |       |       |     4 ||     4
 Stab: Sleeping          |       |     1 |     1 ||     2
Armor: Leather armour    |    56 |    78 |    18 ||   152
Dodge: Dodged            |   113 |    81 |    39 ||   233

Table legend: (Time is in decaauts)
 A = Elapsed time spent in this place.
 B = Non-inter-level travel time spent in this place.
 C = Inter-level travel time spent in this place.
 D = Time resting spent in this place.
 E = Time spent auto-exploring this place.
 F = Levels seen in this place.
 G = Mean time per level.
                   A        B        C        D        E       F      G
               +--------+--------+--------+--------+--------+-----+--------+
         Total |   5090 |   5073 |     17 |      0 |   3510 |   4 | 1272.5 |
       Dungeon |   5090 |   5073 |     17 |      0 |   3510 |   4 | 1272.5 |
               +--------+--------+--------+--------+--------+-----+--------+

Top non-repeatable levels by time:
     D:1: 1490 daAuts
     D:3: 1457 daAuts
     D:4: 1203 daAuts
     D:2: 938 daAuts
